 Dungeon Crawl Stone Soup version 0.19.0-2-gae57169 (webtiles) character file.

52 Gargoyl the Skirmisher (level 3, 22/30 HPs)
             Began as a Demonspawn Abyssal Knight on Nov 7, 2016.
             Was a Follower of Lugonu.
             Quit the game on level 2 of the Dungeon.
             The game lasted 00:01:32 (1138 turns).

Gargoyl the Skirmisher (Demonspawn Abyssal Knight)  Turns: 1138, Time: 00:01:32

Health: 22/30      AC:  6    Str: 13    XL:     3   Next: 60%
Magic:  5/5        EV: 11    Int: 13    God:    Lugonu [*.....]
Gold:   40         SH:  0    Dex: 12    Spells: 0 memorised, 2 levels left

rFire  . . .     SeeInvis .     a - +1 hand axe
rCold  . . .     Gourm    .     b - +0 leather armour
rNeg   . . .     Faith    .     (no shield)
rPois  .         Spirit   +     (helmet restricted)
rElec  .         Reflect  .     (no cloak)
rCorr  .         Harm     .     i - +2 pair of gloves
MR     .....                    (no boots)
Stlth  +.........               (no amulet)
                                (no ring)
                                (no ring)

@: no status effects
A: antennae 1, magic shield
a: Depart the Abyss, Renounce Religion


You were on level 2 of the Dungeon.
You worshipped Lugonu.
Lugonu was aware of your devotion.
You were not hungry.

You visited 1 branch of the dungeon, and saw 2 of its levels.
You visited the Abyss 1 time.

You collected 40 gold pieces.

Inventory:

Hand Weapons
 a - a +1 hand axe (weapon)
Armour
 b - a +0 leather armour (worn)
 i - a +2 pair of gloves (worn)
Jewellery
 k - an uncursed ring of poison resistance {unknown}
Wands
 e - a wand of flame (26/48)
 f - a wand of lightning (12/15)
Scrolls
 d - a scroll of random uselessness {unknown}
 g - a scroll of fog {unknown}
 h - 2 scrolls of enchant armour {unknown}
 m - 3 scrolls of identify {unknown}
Potions
 l - 3 potions of curing {unknown}
 n - a potion of cancellation {unknown}
 o - a potion of brilliance {unknown}
 p - a potion of berserk rage {unknown}
 r - 2 potions of ambrosia {unknown}
Comestibles
 c - a bread ration
 j - 2 meat rations
 q - a chunk of flesh


   Skills:
 + Level 3.7 Fighting
 + Level 2.2 Axes
 + Level 2.0 Armour
 + Level 1.1 Dodging
 + Level 0.2 Stealth
 + Level 2.9 Invocations


You had 2 spell levels left.
You didn't know any spells.

Dungeon Overview and Level Annotations

Branches:
Dungeon (2/15)

Altars:


Innate Abilities, Weirdness & Mutations

You have a pair of small antennae on your head.
When hurt, damage is shared between your health and your magic reserves.


Message History

Jessica is moderately wounded.
Jessica mumbles some strange words.
Jessica seems to speed up.
You hit Jessica.
Jessica is heavily wounded.
Jessica mumbles some strange words.
Jessica barely misses you.
You hit Jessica.
Jessica is severely wounded.
Jessica closely misses you. x2
You hit Jessica.
You kill Jessica!
Lugonu accepts your kill.
Your Dodging skill increases to level 1!
You have reached level 3!
Your experience leads to an increase in your attributes!
Increase (S)trength, (I)ntelligence, or (D)exterity?
You feel stronger.
Your demonic ancestry asserts itself...
You feel your magical essence form a protective shroud around your flesh.
Are you sure you want to abandon this character and quit the game? (Confirm with "yes".)

#...........#
#...........#
#........<..#
#.####.###### #.#
#.###### ##.# #.#.....
##..####...####
#.#######..<......##
#....[@.....###...#####
###.....(##..##........
#.########..)..######
.. #..........# #.#
...###......# .
........##.#.#
.#########.#.# ..#.#
.##.#


There were no monsters in sight!

Vanquished Creatures
  Jessica (D:2)
  An adder zombie (D:1)
  3 leopard geckos
  A ball python (D:1)
  A giant cockroach (D:1)
  3 goblins
  3 hobgoblins (D:1)
  A bat (D:1)
  A frilled lizard (D:1)
  A giant cockroach zombie (D:1)
  2 kobolds (D:1)
  A rat (D:1)
19 creatures vanquished.

Notes
Turn   | Place    | Note
-------+----------+-------------------------------------------
     0 | Abyss:1  | Gargoyl the Demonspawn Abyssal Knight began the quest for the Orb.
     0 | Abyss:1  | Reached XP level 1. HP: 18/18 MP: 2/2
    83 | Abyss:2  | Noticed a sixfirhy
    87 | D:1      | Escaped the Abyss
   269 | D:1      | Reached * piety under Lugonu
   269 | D:1      | Gained mutation: You have a pair of small antennae on your head. [demonic ancestry]
   269 | D:1      | Reached XP level 2. HP: 23/24 MP: 3/3
  1130 | D:2      | Noticed Jessica
  1137 | D:2      | Killed Jessica
  1137 | D:2      | Reached skill level 1 in Dodging
  1137 | D:2      | Gained mutation: When hurt, damage is shared between your health and your magic reserves. [demonic ancestry]
  1137 | D:2      | Reached XP level 3. HP: 22/30 MP: 5/5
  1138 | D:2      | Quit the game

Skill      XL: |  1  2 |
---------------+-------+-----
Axes           | 2 |  2.2
Armour         | 2 |  2.0
Dodging        | 1 |  1.1
Fighting       | |  3.7
Stealth        | |  0.2
Invocations    | |  2.9

Action                   || total
-------------------------++-------
Melee: Hand axe          ||    57
Invok: Depart the Abyss  ||     1
  Eat: Chunk             ||     1
Armor: Leather armour    ||    19
Dodge: Dodged            ||    33
